 Dungeon Sprint DCSS version 0.13-a0-2398-gfa67c8a (webtiles) character file.

799 JacquesDerrida the Impaler (level 7, -3/56 HPs)
             Began as a Merfolk Gladiator on July 15, 2013.
             Shot with an arrow by a centaur warrior (8 damage)
             ... in the Dungeon (Sprint I: "Red Sonja").
             The game lasted 00:03:53 (859 turns).

JacquesDerrida the Impaler (Merfolk Gladiator)       Turns: 859, Time: 00:03:53

HP  -3/56        AC  3     Str 16      XL: 7   Next: 26%
MP   6/6         EV 13     Int  9      God:
Gold 260         SH  0     Dex 14      Spells:  0 memorised,  6 levels left

Res.Fire  : . . .   See Invis. : .   a - +0 trident
Res.Cold  : . . .   Warding    : .   b - +0 leather armour
Life Prot.: . . .   Conserve   : .   (no shield)
Res.Poison: .       Res.Corr.  : .   c - -1 helmet
Res.Elec. : .       Clarity    : .   (no cloak)
Sust.Abil.: . .     Spirit.Shd : .   (no gloves)
Res.Mut.  : .       Prev.Telep.: +   (no boots)
Res.Rott. : .       Flight     : .   (no amulet)
Saprovore : . . .                    (no ring)
                                     (no ring)

@: slightly resistant to hostile enchantments, unstealthy
A: change form in water, swift swim
a: no special abilities


You were in the Dungeon.
You were hungry.

You visited 1 branch You collected 405 gold pieces.
You spent 165 gold pieces at shops.

Inventory:

Hand weapons
 a - a +0,+0 trident (weapon)
 h - a +3 blowgun
 j - a +0,+0 dagger of venom
Missiles
 d - 3 throwing nets (quivered)
 e - 9 curare-tipped needles
Armour
 b - a +0 leather armour (worn)
 c - a -1 helmet (worn)
Comestibles
 f - a bread ration
Scrolls
 k - a scroll of blinking
Potions
 g - 3 potions of heal wounds
 i - 2 potions of magic
 l - a potion of mutation {unknown}


   Skills:
 + Level 7.1 Fighting
 * Level 18.3 Polearms
 - Level 2.0 Throwing
 - Level 4.0 Dodging


You had 6 spell levels left.
You didn't know any spells.

Dungeon Overview and Level Annotations

Branches:
Dungeon (1/1)

Altars:
Sif Muna
Xom
Zin
the Shining One

Shops:
D: [!


Message History

Found 13 gold pieces.
There is an open door here.
Your legs become a tail as you enter the water. 2 centaur warriors come into view.
The centaur warrior shouts!
The centaur warrior wields a bow.
The centaur warrior shoots an arrow.
The arrow hits you!
There is an open door, spattered with blood here.
You see here an arrow.
Unknown command.
The centaur warrior wields a bow.
The centaur warrior shoots an arrow.
The arrow hits you!
There is a glowing silver altar of Zin here.
You see here an arrow.
The centaur warrior shoots an arrow.
The arrow hits you!
* * * LOW HITPOINT WARNING * * *
The centaur warrior shoots an arrow.
The arrow hits you!
* * * LOW HITPOINT WARNING * * *
The centaur warrior shoots an arrow.
The arrow hits you!
You die...

################
#<<#..)..#..'..#
#<.)..#.)'..#..+
#..#####'#####'#
#..####..#...#.####§
#..#_.####..##.#≈c§§§
#..#.....##'#..(≈c§§§
#⌠⌠#_.∩...'..._#≈≈≈.c#
####.....##_@#+##+####
#_._._###'#
############.##
#∩........'...+
###++++####...# ##.##
#+#


You could see 2 centaur warriors.

Vanquished Creatures
  Sonja (D)
  An elephant slug (D)
  An ogre (D)
  Sigmund (D)
  A jelly (D)
  Ijyb (D)
6 creatures vanquished.

Vanquished Creatures (others)
  A metal gargoyle (D)
1 creature vanquished.

Grand Total: 7 creatures vanquished

Notes
Turn   | Place    | Note
--------------------------------------------------------------
     0 | D        | JacquesDerrida, the Merfolk Gladiator, began the quest for the Orb.
     0 | D        | Reached XP level 1. HP: 17/17 MP: 0/0
     1 | D        | Noticed Ijyb
    13 | D        | Killed Ijyb
    13 | D        | Reached skill level 8 in Polearms
    13 | D        | Reached XP level 2. HP: 21/23 MP: 1/1
    37 | D        | Noticed an ogre
    42 | D        | Killed an ogre
    42 | D        | Reached skill level 12 in Polearms
    42 | D        | Reached XP level 3. HP: 28/28 MP: 2/2
    42 | D        | Reached XP level 4. HP: 35/35 MP: 3/3
    90 | D        | Noticed Sigmund
   101 | D        | Killed Sigmund
   101 | D        | Reached skill level 15 in Polearms
   101 | D        | Reached XP level 5. HP: 19/40 MP: 4/4
   269 | D        | Found a glowing silver altar of Zin.
   271 | D        | Found a deep blue altar of Sif Muna.
   582 | D        | Found a shimmering altar of Xom.
   582 | D        | Found a deep blue altar of Sif Muna.
   582 | D        | Found Rauts' Distillery.
   582 | D        | Found a deep blue altar of Sif Muna.
   582 | D        | Found a glowing golden altar of the Shining One.
   582 | D        | Noticed an elephant slug
   634 | D        | Killed an elephant slug
   634 | D        | Reached skill level 5 in Fighting
   634 | D        | Reached skill level 16 in Polearms
   634 | D        | Reached XP level 6. HP: 46/49 MP: 5/5
   653 | D        | Found a deep blue altar of Sif Muna.
   657 | D        | Bought 2 potions of heal wounds for 60 gold pieces
   657 | D        | Bought a potion of heal wounds for 30 gold pieces
   657 | D        | Bought a potion of invisibility for 55 gold pieces
   664 | D        | Noticed Sonja
   696 | D        | Killed Sonja
   696 | D        | Reached skill level 18 in Polearms
   696 | D        | Reached XP level 7. HP: 6/56 MP: 6/6
   700 | D        | HP: 2/56 [poisoned by Sonja (curare-tipped needle)]
   705 | D        | Bought a potion of curing for 20 gold pieces
   829 | D        | Found Phese's Antique Armour Boutique.
   835 | D        | Killed a metal gargoyle
   856 | D        | Noticed a centaur warrior
   856 | D        | Noticed a centaur warrior
   859 | D        | Shot with an arrow by a centaur warrior

Action                   |  1- 3 |  4- 6 |  7- 9 || total
-------------------------+-------+-------+-------++-------
Melee: Trident           |    16 |    58 |       ||    74
       Scythe            |       |     4 |       ||     4
  Use: Potion            |     1 |     3 |     2 ||     6
 Stab: Invisible         |       |     2 |       ||     2
